 Dungeon Sprint DCSS version 0.29.0-11-gd7f09526c8 (webtiles) character file.

Game seed: 4060266360104150007

8493 Zeld the Severer (level 11, -8/175 HPs)
             Began as a Minotaur Berserker on Sept 6, 2022.
             Was the Champion of Trog.
             Shot with an arrow by a deep elf archer (12 damage)
             ... in the Dungeon (Sprint V: "Ziggurat Sprint").
             The game lasted 00:02:28 (2449 turns).

Zeld the Severer (Minotaur Berserker)               Turns: 2449, Time: 00:02:29

Health: -8/175     AC: 28    Str: 39    XL:     11   Next: 10%
Magic:  0/10       EV:  8    Int:  4    God:    Trog [******]
Gold:   0          SH: 12    Dex:  9    Spells: 10/10 levels left

rFire   . . .      SeeInvis +   z - +14 obsidian axe {vorpal, Mesm Drain Fly SInv}
rCold   . . .      Faith    .   b - +3 tower shield
rNeg    . . .      Spirit   +   a - +5 crystal plate armour
rPois   .          Reflect  .   (helmet restricted)
rElec   .          Harm     .   (no cloak)
rCorr   .          Rampage  .   (no gloves)
Will    .....      NoTele   +   (no boots)
Stlth   ..........              r - amulet of guardian spirit
HPRegen 0.39/turn               w - +6 ring of strength
MPRegen 0.12/turn               x - +6 ring of strength

@: berserking (expiring), flying, mesmerised, studying Long Blades, very quick
A: horns 2, retaliatory headbutt
a: Renounce Religion, Berserk, Trog's Hand, Brothers in Arms


You were in the Dungeon.
You worshipped Trog.
Trog was exalted by your worship.
You visited 1 branch

Inventory:

Hand Weapons
 z - the +14 obsidian axe (weapon) {vorpal, Mesm Drain Fly SInv}
   (You found it in the Dungeon)

   It inflicts extra damage upon your enemies.
   It occasionally summons demons to assist the wielder when it strikes in
   combat.
   Its wielder is mesmerised by any visible foes.
   It cannot be unequipped while any foes are visible.
   SInv:      It lets you see invisible.
   Fly:       It grants you flight.
   Drain:     It drains your maximum health when unequipped.
Armour
 a - a +5 crystal plate armour (worn)
 b - a +3 tower shield (worn)
Jewellery
 r - an amulet of guardian spirit (around neck)
 v - the amulet "Zeataik" {Acrobat Int+4}
   (You found it in the Dungeon)

   [amulet of the acrobat]

   It increases your evasion while moving and waiting.
   Int:       It affects your intelligence (+4).
 w - a +6 ring of strength (left hand)
 x - a +6 ring of strength (right hand)
Wands
 p - a wand of mindburst (7)
 q - a wand of acid (7)
Scrolls
 h - 4 scrolls of blinking
 m - 7 scrolls of butterflies
 n - 5 scrolls of identify
 o - 2 scrolls of fear
Potions
 c - 10 potions of curing
 d - 14 potions of heal wounds
 e - 10 potions of haste
 f - 7 potions of magic
 g - 3 potions of berserk rage
 i - 2 potions of invisibility
 j - 4 potions of resistance
 l - 5 potions of might
Miscellaneous
 k - a phantom mirror
 s - a piece from Xom's chessboard (15/15)
 t - a tin of tremorstones (2/2)
 u - a box of beasts
 y - a lightning rod (4/4)


   Skills:
 * Level 17.2 Fighting
 - Level 18.0 Axes
 + Level 15.2 Armour
 + Level 17.2 Dodging


You had 10 spell levels left.
You didn't know any spells.
Your spell library was empty.

Dungeon Overview and Level Annotations

Branches:
Dungeon (1/1)

Altars:
Ashenzari
Cheibriados
Dithmenos
Elyvilon
Fedhas
Gozag
Hepliaklqana
Kikubaaqudgha
Makhleb
Nemelex Xobeh
Okawaru
Qazlal
Ru
Sif Muna
Trog
Uskayaw
Vehumet
Wu Jian
Xom
Yredelemnul
Zin
The Shining One
Jiyva
Lugonu

Annotations:
D 1 transporter


Innate Abilities, Weirdness & Mutations

You have a pair of horns on your head.
You reflexively headbutt those who attack you in melee.


Message History

The deep elf archer shoots an arrow.
The arrow hits you!
* * * LOW HITPOINT WARNING * * *
The deep elf archer unwields a +0 shortbow.
The deep elf archer wields a +0 short sword.
You block the deep elf archer's attack.
Unknown command.
You slice the deep elf archer!!
The deep elf archer is heavily wounded.
Visions of slaying the deep elf archer flood into your mind.
The deep elf archer shoots an arrow.
The arrow hits you!
* * * LOW HITPOINT WARNING * * *
The deep elf archer casts a spell at you.
You resist with significant effort.
Unknown command.
You closely miss the deep elf archer.
Your headbutt misses the deep elf archer.
The deep elf archer is heavily wounded.
The deep elf archer hits you but does no damage.
Unknown command.
You closely miss the deep elf zephyrmancer.
You miss the deep elf archer.
Visions of slaying the deep elf zephyrmancer flood into your mind.
The deep elf archer shoots an arrow.
You block the arrow.
The deep elf archer casts a spell at you.
You are confused.
Your soul eater hits the deep elf zephyrmancer!!
Unknown command.
Are you sure you want to stumble around while confused and next to your soul eater?
Okay, then.
Unknown command.
Are you sure you want to stumble around while confused and next to your soul eater?
Okay, then.
Unknown command.
Are you sure you want to stumble around while confused and next to your soul eater?
Your confusion fades away as the thirst for blood takes over your mind.
The deep elf zephyrmancer casts a spell at you.
The bolt of lightning hits you!!
* * * LOW HITPOINT WARNING * * *
The deep elf archer shoots an arrow.
The arrow hits you!
You die...

▓.........▓.▓...▓.▓
▓....©....▓...©...▓
▓▓▓▓▓▓▓▓▓▓▓▓▓▓▓▓▓▓▓
▓...8©8...▓
▓..|=")}..▓
▓...:[[?..▓
▓.........▓
▓.....e...▓
▓......@e.▓
▓...e)E3.e▓
▓.▓..)..▓.▓
▓....©....▓
▓▓▓▓▓▓▓▓▓▓▓


You could see 3 deep elf archers, an earth elemental, a deep elf zephyrmancer
(mesmerising) and a friendly soul eater (summoned).

Vanquished Creatures
  A yaktaur captain (D)
  A great orb of eyes (D)
  A dancing weapon (D)
  A sixfirhy (D)
  A glowing orange brain (D)
  A lindwurm (D)
  A worldbinder (D)
  2 komodo dragons (D)
  An ice devil (D)
  A hornet (D)
  5 spriggans (D)
  2 air elementals (D)
  A yak (D)
  A basilisk (D)
  4 black bears (D)
  3 wolves (D)
  A bullfrog (D)
  3 orc priests (D)
  2 iron imps (D)
  A shadow imp (D)
  3 white imps (D)
  2 ufetubi (D)
  An orc (D)
  A bat skeleton (D)
  A bat zombie (D)
  2 quokka zombies (D)
44 creatures vanquished.

Vanquished Creatures (collateral kills)
  An ironbound thunderhulk (D)
  A deep elf knight (D)
  A guardian mummy (D)
  A spriggan (D)
  A basilisk (D)
  A quasit (D)
6 creatures vanquished.

Grand Total: 50 creatures vanquished

Notes
Turn   | Place    | Note
-------+----------+-------------------------------------------
     0 | D        | Zeld the Minotaur Berserker began the quest for the Orb.
     0 | D        | Reached XP level 1. HP: 19/19 MP: 0/0
    15 | D        | Found a blossoming altar of Fedhas.
    15 | D        | Found the +6 Majin-Bo {vamp, MP+6 Int+6}
    15 | D        | Found the +9 heavy crossbow "Sniper" {vorpal, Acc+∞ SInv}
    15 | D        | Found the +10 dark maul {vorpal}
    15 | D        | Found the +15 Maxwell's patent armour {-Cast -Tele rElec
                  | Will+ rCorr}
    15 | D        | Found the +18 shield of the Gong {rElec rN+ Will+ EV-5}
    15 | D        | Found the +14 obsidian axe {vorpal, Mesm Drain Fly SInv}
    15 | D        | Found the +7 great mace "Firestarter" {inner flame, rF++}
    15 | D        | Found the +6 shillelagh "Devastator" {shatter}
    15 | D        | Found the +11 plutonium sword {Contam Stlth-}
    15 | D        | Found the +8 lance "Wyrmbane" {slay drac, rPois rF+ rC+
                  | AC+3}
    15 | D        | Found the +9 sword of Zonguldrok {reap}
    15 | D        | Found the +13 scythe of Curses {drain, Drain}
    15 | D        | Found the +5 sword of Power {vorpal}
    15 | D        | Found the +7 mace of Variability {chain chaos}
    15 | D        | Found the +7 Singing Sword {vorpal, sonic wave}
    15 | D        | Found the +8 storm bow {elec, penet}
    24 | D        | Found a shimmering blue altar of Sif Muna.
    24 | D        | Found a sacrificial altar of Ru.
    24 | D        | Found a bloodstained altar of Trog.
    24 | D        | Found a stormy altar of Qazlal.
    24 | D        | Found an iron altar of Okawaru.
    24 | D        | Found a sparkling altar of Nemelex Xobeh.
    26 | D        | Found a transporter.
    26 | D        | Found an ancient bone altar of Kikubaaqudgha.
    26 | D        | Found a viscous altar of Jiyva.
    26 | D        | Found a corrupted altar of Lugonu.
    26 | D        | Found a hazy altar of Hepliaklqana.
    26 | D        | Found a burning altar of Makhleb.
    26 | D        | Found an opulent altar of Gozag.
   255 | D        | Reached skill level 5 in Fighting
   255 | D        | Reached skill level 6 in Axes
   255 | D        | Reached XP level 2. HP: 29/29 MP: 1/1
   396 | D        | Entered arena 2.
   396 | D        | Noticed a guardian mummy
   396 | D        | Found a transporter.
   400 | D        | Killed a guardian mummy
   401 | D        | Reached skill level 10 in Axes
   401 | D        | Reached XP level 3. HP: 15/40 MP: 2/2
   401 | D        | Reached XP level 4. HP: 18/48 MP: 3/3
   401 | D        | Reached XP level 5. HP: 20/53 MP: 4/4
   721 | D        | Entered arena 3.
   721 | D        | Found a transporter.
   723 | D        | Reached ** piety under Trog
   888 | D        | Entered arena 4.
   888 | D        | Found a transporter.
   892 | D        | Reached *** piety under Trog
   893 | D        | Reached XP level 6. HP: 34/61 MP: 5/5
   895 | D        | Reached skill level 11 in Axes
  1165 | D        | Entered arena 5.
  1165 | D        | Noticed a worldbinder
  1165 | D        | Found a transporter.
  1166 | D        | Noticed an ironbound thunderhulk
  1168 | D        | Noticed a purple very ugly thing
  1168 | D        | Reached **** piety under Trog
  1170 | D        | Noticed a red very ugly thing
  1171 | D        | Killed a worldbinder
  1172 | D        | Reached skill level 13 in Axes
  1172 | D        | Reached XP level 7. HP: 71/71 MP: 6/6
  1294 | D        | Entered arena 6.
  1294 | D        | Noticed a glowing orange brain
  1294 | D        | Noticed an ironbound thunderhulk
  1294 | D        | Noticed a yaktaur captain
  1294 | D        | Noticed a great orb of eyes
  1294 | D        | Noticed a lindwurm
  1294 | D        | Found a transporter.
  1298 | D        | Killed a lindwurm
  1298 | D        | Killed a glowing orange brain
  1299 | D        | Reached skill level 15 in Axes
  1299 | D        | Reached skill level 10 in Armour
  1299 | D        | Reached XP level 8. HP: 79/82 MP: 7/7
  1300 | D        | Killed a great orb of eyes
  1300 | D        | Reached ***** piety under Trog
  1300 | D        | Killed an ironbound thunderhulk
  1301 | D        | Reached skill level 17 in Axes
  1301 | D        | Reached XP level 9. HP: 74/92 MP: 8/8
  1306 | D        | Killed a yaktaur captain
  1658 | D        | Entered arena 7.
  1659 | D        | Found a transporter.
  1661 | D        | Received a gift from Trog
  1662 | D        | Reached XP level 10. HP: 91/101 MP: 9/9
  1664 | D        | Reached skill level 15 in Dodging
  1665 | D        | Reached skill level 18 in Axes
  1701 | D        | Entered arena 8.
  1702 | D        | Found a transporter.
  1707 | D        | Reached ****** piety under Trog
  1708 | D        | Received a gift from Trog
  2152 | D        | Entered arena 9.
  2152 | D        | Noticed a spriggan rider
  2153 | D        | Found a transporter.
  2157 | D        | Reached skill level 15 in Fighting
  2160 | D        | Received a gift from Trog
  2271 | D        | Got the amulet "Zeataik" {Acrobat Int+4}
  2364 | D        | Entered arena 10.
  2364 | D        | Noticed a sixfirhy
  2365 | D        | Found a transporter.
  2370 | D        | Killed a sixfirhy
  2370 | D        | Received a gift from Trog
  2437 | D        | Entered arena 11.
  2437 | D        | Noticed a deep elf archer
  2437 | D        | Noticed a deep elf zephyrmancer
  2437 | D        | Noticed a deep elf archer
  2437 | D        | Noticed a deep elf knight
  2437 | D        | Noticed a +2 mace of pain
  2437 | D        | Noticed a deep elf archer
  2437 | D        | Paralysed by an air elemental for 1 turns
  2438 | D        | Found a transporter.
  2441 | D        | Killed a +2 mace of pain
  2441 | D        | Paralysed by an air elemental for 1 turns
  2442 | D        | Reached skill level 15 in Armour
  2442 | D        | Reached XP level 11. HP: 87/116 MP: 5/10
  2443 | D        | Received a gift from Trog
  2445 | D        | Killed a deep elf knight
  2449 | D        | HP: 4/175 [deep elf zephyrmancer/bolt of lightning (25)]
  2449 | D        | Shot with an arrow by a deep elf archer

Illustrated notes

Levels and vault maps discovered:
D:        sprint_v [room_start, room_1, room_2, room_3, room_4, room_5, room_6,
          room_7, room_8, room_9, room_10, room_11, room_12, room_13, room_14,
          room_15, room_16, room_17, room_18, room_19, room_20, room_21,
          room_22, room_23, room_24, room_25, room_26, room_27]

Skill      XL: |  1  2  3  4  5  6  7  8  9 10 11 |
---------------+----------------------------------+-----
Fighting       | 5 7 8 9 11 12 13 16 17 | 17.2
Axes           | 6 10 13 15 17 18 | 18.0
Armour         | 4 7 9 10 12 15 | 15.2
Dodging        | 4 6 7 9 12 14 17 | 17.2

Action                   |  1- 3 |  4- 6 |  7- 9 | 10-12 || total
-------------------------+-------+-------+-------+-------++-------
Melee: Broad axe         |     2 |    11 |    11 |    30 ||    54
       Headbutt          |       |     1 |     3 |     1 ||     5
Invok: Berserk           |     1 |     1 |     1 |     3 ||     6
  Use: Potion            |     1 |       |       |       ||     1
Armor: Crystal plate arm |     4 |     9 |     4 |    28 ||    45
Dodge: Dodged            |       |     3 |       |    10 ||    13
Block: Tower shield      |     5 |     7 |     5 |    16 ||    33
